 Dungeon Crawl Stone Soup version 0.24-a0-521-g122614bf49 (webtiles) character file.

Game seed: 3116524912660846701

15159 vurker the Grappler (level 11, -1/104 (107) HPs)
             Began as a Troll Hunter on July 28, 2019.
             Was a High Priest of Okawaru.
             Slain by a tengu warrior
             ... wielding a +3 long sword of slicing
              (3 damage)
             ... on level 11 of the Dungeon.
             The game lasted 00:25:41 (10487 turns).

vurker the Grappler (Troll Hunter)                 Turns: 10487, Time: 00:25:41

HP:   -1/104 (107)  AC:  7    Str: 25    XL:     11   Next: 98%
MP:   13/15         EV: 12    Int:  7    God:    Okawaru [*****.]
Gold: 685           SH:  0    Dex: 10    Spells: 10/10 levels left

rFire    + . .     SeeInvis .     - Unarmed
rCold    . . .     Gourm    +   (no shield)
rNeg     . . .     Faith    .   b - +0 robe
rPois    +         Spirit   .   C - +1 hat {MR+}
rElec    .         Reflect  .   (no cloak)
rCorr    .         Harm     .   (gloves unavailable)
MR       +....                  (boots unavailable)
Stlth    +++.......             (no amulet)
HPRegen  0.67/turn              K - ring of poison resistance
MPRegen  0.14/turn              l - ring of protection from fire

@: heroism
A: large, unfitting armour, claws 3, fast metabolism 3, gourmand, regeneration
1, shaggy fur 1, tough skin 3
a: Heroism, Finesse, Renounce Religion


You were on level 11 of the Dungeon.
You worshipped Okawaru.
Okawaru was extremely pleased with you.
You were very full.

You visited 2 branches of the dungeon, and saw 12 of its levels.

You collected 773 gold pieces.
You spent 88 gold pieces at shops.

Inventory:

Missiles
 d - 9 javelins
 n - 2 large rocks (quivered)
 G - a boomerang
 I - 5 silver javelins
 J - a throwing net
 L - 8 boomerangs of dispersal
Armour
 b - a +0 robe (worn)
 C - a +1 hat of magic resistance (worn)
   (You found it on level 5 of the Dungeon)
Jewellery
 h - an uncursed ring of protection from cold
   (You found it on level 1 of the Dungeon)
 l - a ring of protection from fire (right claw)
   (You found it on level 1 of the Dungeon)
 y - an uncursed ring of protection from fire
   (You found it on level 4 of the Dungeon)
 K - a ring of poison resistance (left claw)
   (You found it on level 8 of the Dungeon)
Wands
 t - a wand of flame (26)
   (You took it off Robin on level 3 of the Dungeon)
 u - a wand of paralysis (6)
   (You found it on level 5 of the Dungeon)
 x - a wand of acid (5)
   (You found it on level 9 of the Dungeon)
 F - a wand of enslavement (20)
   (You found it on level 6 of the Dungeon)
Scrolls
 a - 4 scrolls of immolation {unknown}
 c - a scroll of noise {unknown}
 f - 6 scrolls of teleportation
 g - 2 scrolls of enchant weapon {unknown}
 i - 2 scrolls of identify
 k - 7 scrolls of enchant armour
 m - 6 scrolls of amnesia {unknown}
 r - 7 scrolls of remove curse
 v - a scroll of brand weapon {unknown}
 D - a scroll of random uselessness {unknown}
 H - a scroll of vulnerability {unknown}
 O - a scroll of blinking {unknown}
Potions
 j - 5 potions of curing
 o - 3 potions of heal wounds
 q - 3 potions of lignification
 s - 3 potions of resistance
 w - 2 potions of agility
 z - 2 potions of magic {unknown}
 A - 5 potions of might
 B - 4 potions of haste
 E - a potion of flight {unknown}
 M - 3 potions of mutation
Miscellaneous
 N - a phantom mirror
Comestibles
 e - 9 rations


   Skills:
 + Level 6.5(11.5) Fighting
 + Level 10.2(15.2) Throwing
 - Level 1.5(6.5) Dodging
 - Level 0.3(5.3) Stealth
 * Level 10.6(15.6) Unarmed Combat
 * Level 7.2 Invocations
 + Level 4.9 Evocations


You had 10 spell levels left.
You didn't know any spells.
Your spell library contained the following spells:

 Spells                   Type           Power        Failure   Level  Hunger
 Animate Skeleton         Necr           N/A          43%         1    ##.....
 Apportation              Tloc           #.....       43%         1    ##.....
 Beastly Appendage        Tmut           #.....       43%         1    ##.....
 Confusing Touch          Hex            #.....       43%         1    ##.....
 Sandblast                Erth           #.....       43%         1    ##.....
 Summon Small Mammal      Summ           #...         43%         1    ##.....
 Passwall                 Tmut/Erth      #.......     56%         2    ###....
 Sticks to Snakes         Tmut           #.......     56%         2    ###....
 Spider Form              Tmut/Pois      #.........   80%         3    ####...
 Stone Arrow              Conj/Erth      #.....       80%         3    ####...
 Ice Form                 Ice/Tmut       #.......     99%         4    #####..
 Petrify                  Tmut/Erth      #.......     99%         4    #####..
 Blade Hands              Tmut           #.........   100%        5    ######.
 Irradiate                Conj/Tmut      #.........   100%        5    ######.
 Lee's Rapid Deconstruct  Erth           #.........   100%        5    ######.
 Hydra Form               Tmut           #.........   100%        6    #######
 Statue Form              Tmut/Erth      #........    100%        6    #######
 Dragon Form              Tmut           #.........   100%        7    #######


Dungeon Overview and Level Annotations

Branches:
Dungeon (11/15)            Temple (1/1) D:7            Lair (0/6) D:8
    Orc: D:9-12

Altars:
Ashenzari
Cheibriados
Dithmenos
Elyvilon
Fedhas
Gozag
Hepliaklqana
Kikubaaqudgha
Makhleb
Nemelex Xobeh
Okawaru
Qazlal
Ru
Sif Muna
Trog
Uskayaw
Vehumet
Wu Jian
Xom
Yredelemnul
Zin
The Shining One

Shops:
D:4 ?


Innate Abilities, Weirdness & Mutations

You are too large for most types of armour.
You have claws for hands.
Your metabolism is lightning-fast.
You like to eat raw meat.
Your natural rate of healing is unusually fast.
You are covered in fur. (AC +1)
You have extremely tough skin. (AC +3)


Message History

The tengu warrior hits you with a +3 long sword of slicing!
The tengu warrior pecks you but does no damage.
The tengu warrior barely misses you.
The tengu warrior hits you but does no damage.
The tengu warrior pecks you but does no damage.
The tengu warrior barely misses you.
Throwing (i - inventory. (/) - cycle)
n - 4 large rocks (quivered)
Aim: a tengu warrior, wielding a +3 long sword of slicing, wearing a +0 ring mail and wearing a +0 shield (lightly wounded)
You throw a large rock. The large rock hits the tengu warrior!
The tengu warrior hits you with a +3 long sword of slicing!
* * * LOW HITPOINT WARNING * * *
The tengu warrior pecks you.
* * * LOW HITPOINT WARNING * * *
The tengu warrior claws you.
* * * LOW HITPOINT WARNING * * *
Aim: a tengu warrior, wielding a +3 long sword of slicing, wearing a +0 ring mail and wearing a +0 shield (lightly wounded)
The bolt of acid hits the tengu warrior!!
The tengu warrior is splashed with acid!
The acid corrodes the tengu warrior!
The tengu warrior hits you with a +3 long sword of slicing.
* * * LOW HITPOINT WARNING * * *
* * * LOW HITPOINT WARNING * * *
The tengu warrior pecks you.
* * * LOW HITPOINT WARNING * * *
The tengu warrior closely misses you. The tengu warrior blocks your attack.
You claw the tengu warrior!
The tengu warrior hits you with a +3 long sword of slicing!
* * * LOW HITPOINT WARNING * * *
* * * LOW HITPOINT WARNING * * *
The tengu warrior closely misses you. The tengu warrior claws you.
* * * LOW HITPOINT WARNING * * *
You gain the combat prowess of a mighty hero.
The tengu warrior hits you but does no damage.
The tengu warrior closely misses you. The tengu warrior claws you.
* * * LOW HITPOINT WARNING * * *
You claw the tengu warrior! The tengu warrior blocks your attack.
The tengu warrior hits you with a +3 long sword of slicing!
* * * LOW HITPOINT WARNING * * *
* * * LOW HITPOINT WARNING * * *
The tengu warrior closely misses you. The tengu warrior claws you.
* * * LOW HITPOINT WARNING * * *
Throwing (i - inventory. (/) - cycle)
n - 3 large rocks (quivered)
Aim: a tengu warrior, wielding a +3 long sword of slicing, wearing a +0 ring mail and wearing a +0 shield (almost dead, covered in acid)
You throw a large rock.
The tengu warrior blocks the large rock.
The tengu warrior hits you with a +3 long sword of slicing!
* * * LOW HITPOINT WARNING * * *
You die...

...'....##.......#
#...# ######
...###..##.#.....#
##'## ...#
#...#.#..##### #.# ...#
#.#.#.'.##% %###.#
######.#...#.#%.♣.%##.#
.....#.##..#.#P....##.#
####.#.##..#.#....P##.#
#.#.##..#.##PQ.# #.#
#.#.....#^###@# #.#
#.#...#.#.##..# #.#
#.#####.#.....# #.#
#.....>.......# #.#
########......# #.#
#......# #.# #......#
#.######## ##.....#
#........# #.(...#
#........#


You could see a tengu warrior.

Vanquished Creatures
  Erica (D:8)
  A centaur warrior (D:8)
  A two-headed ogre (D:10)
  Urug (D:10)
  Nergalle (D:10)
  Pikel (D:7)
  An ugly thing (D:11)
  Joseph (D:7)
  A troll (D:7)
  3 hippogriffs
  A shadow (D:8)
  A wraith (D:10)
  A vampire (D:11)
  21 yaks
  A steam dragon (D:11)
  A wyvern (D:10)
  3 hungry ghosts
  A soldier ant (D:8)
  3 sky beasts
  3 orc warriors
  An eye of draining (D:10)
  4 ice beasts
  5 ogres
  A slave (D:7)
  4 phantoms
  4 necrophages
  8 centaurs
  8 bullfrogs
  A wyvern zombie (D:8)
  A killer bee (D:8)
  5 wights (D:9)
  7 howler monkeys
  2 crimson imps
  2 centaur zombies
  2 bullfrog zombies
  6 hounds
  5 orc priests
  A jelly (D:6)
  7 orc wizards
  3 centaur skeletons
  Terence (D:3)
  Jessica (D:3)
  3 iguanas
  14 worker ants
  2 howler monkey zombies
  A worker ant zombie (D:7)
  Robin (D:3)
  10 adders
  A howler monkey skeleton (D:6)
  3 shadow imps
  2 adder zombies
  An adder skeleton (D:4)
  5 worms
  5 leopard geckos
  39 orcs
  3 ball pythons
  3 bats
  4 giant cockroaches
  11 goblins
  9 hobgoblins
  7 jackals
  2 quokkas
  7 frilled lizards
  A jackal zombie (D:5)
  9 kobolds
  8 rats
278 creatures vanquished.

Vanquished Creatures (others)
  3 slaves (D:7)
  A leopard gecko (D:7)
  A quokka (D:7)
  A ball python (D:7)
6 creatures vanquished.

Grand Total: 284 creatures vanquished

Notes
Turn   | Place    | Note
-------+----------+-------------------------------------------
     0 | D:1      | vurker the Troll Hunter began the quest for the Orb.
     0 | D:1      | Reached XP level 1. HP: 19/19 MP: 0/0
   242 | D:1      | Reached XP level 2. HP: 23/28 MP: 1/1
   314 | D:1      | Reached skill level 1 in Unarmed Combat
  1084 | D:2      | Reached XP level 3. HP: 35/35 MP: 2/2
  1468 | D:2      | Found a blossoming altar of Fedhas.
  1469 | D:2      | Found an ancient bone altar of Kikubaaqudgha.
  1533 | D:2      | Found a radiant altar of Vehumet.
  1534 | D:2      | Found a hazy altar of Hepliaklqana.
  1534 | D:2      | Found a basalt altar of Yredelemnul.
  1856 | D:3      | Noticed Terence
  1867 | D:3      | Killed Terence
  1867 | D:3      | Reached XP level 4. HP: 30/44 MP: 3/3
  2003 | D:3      | Noticed Jessica
  2004 | D:3      | Killed Jessica
  2027 | D:3      | Noticed Robin
  2044 | D:3      | Killed Robin
  2044 | D:3      | Reached XP level 5. HP: 28/50 MP: 4/4
  2716 | D:4      | Noticed an ogre
  2720 | D:4      | Killed an ogre
  2720 | D:4      | Reached skill level 5 in Throwing
  2720 | D:4      | Reached XP level 6. HP: 59/59 MP: 5/5
  2902 | D:4      | Found Ygolonyt's Magic Scroll Boutique.
  2950 | D:4      | Bought a scroll of teleportation for 33 gold pieces
  2950 | D:4      | Bought a scroll of identify for 22 gold pieces
  2950 | D:4      | Bought a scroll of remove curse for 33 gold pieces
  3014 | D:4      | Reached XP level 7. HP: 59/67 MP: 6/6
  3498 | D:5      | Entered Level 5 of the Dungeon
  4020 | D:5      | Reached skill level 5 in Unarmed Combat
  4211 | D:6      | Reached skill level 1 in Evocations
  4307 | D:6      | Reached XP level 8. HP: 60/78 MP: 7/7
  4931 | D:7      | Noticed Pikel
  4951 | D:7      | Killed Pikel
  5045 | D:7      | Found a shattered altar of Ashenzari.
  5074 | D:7      | Reached XP level 9. HP: 80/85 MP: 9/9
  5184 | D:7      | Found a staircase to the Ecumenical Temple.
  5205 | Temple   | Entered the Ecumenical Temple
  5312 | Temple   | Became a worshipper of Warmaster Okawaru
  5338 | D:7      | Noticed Joseph
  5349 | D:7      | Killed Joseph
  5349 | D:7      | Reached skill level 1 in Invocations
  5553 | D:7      | Noticed a troll
  5565 | D:7      | Killed a troll
  5565 | D:7      | Reached * piety under Okawaru
  6242 | D:8      | Reached skill level 5 in Fighting
  6252 | D:8      | Reached ** piety under Okawaru
  6473 | D:8      | Reached XP level 10. HP: 73/95 MP: 11/11
  6592 | D:8      | Noticed a centaur warrior
  6595 | D:8      | Killed a centaur warrior
  6819 | D:8      | Noticed Erica
  6826 | D:8      | Killed Erica
  6826 | D:8      | Reached *** piety under Okawaru
  7370 | D:8      | Found a staircase to the Lair.
  7721 | D:9      | Reached skill level 5 in Invocations
  7919 | D:9      | Received a gift from Okawaru
  8203 | D:9      | Found a white marble altar of Elyvilon.
  8211 | D:9      | Found an opulent altar of Gozag.
  8214 | D:9      | Found a sparkling altar of Nemelex Xobeh.
  8233 | D:9      | Found a hide-covered altar of Uskayaw.
  8234 | D:9      | Found a shadowy altar of Dithmenos.
  8370 | D:10     | Entered Level 10 of the Dungeon
  8391 | D:10     | Reached XP level 11. HP: 101/102 MP: 14/14
  8412 | D:10     | Reached **** piety under Okawaru
  8553 | D:10     | Noticed Nergalle
  8556 | D:10     | Killed Nergalle
  8639 | D:10     | Noticed Urug
  8647 | D:10     | Killed Urug
  8806 | D:10     | Noticed a two-headed ogre
  8820 | D:10     | Killed a two-headed ogre
  9408 | D:11     | Reached skill level 10 in Unarmed Combat
  9552 | D:11     | Reached skill level 10 in Throwing
  9572 | D:11     | Reached ***** piety under Okawaru
  9731 | D:11     | Received a gift from Okawaru
 10392 | D:11     | Noticed a purple ugly thing
 10402 | D:11     | Killed a purple ugly thing
 10402 | D:11     | Received a gift from Okawaru
 10469 | D:11     | Noticed a tengu warrior
 10487 | D:11     | HP: 2/104 [tengu warrior/+3 long sword of slicing (10)]
 10487 | D:11     | Slain by a tengu warrior

Levels and vault maps discovered:
D:1:      dpeg_arrival_signposts, layout_basic
D:2:      layout_loops_corners, grunt_temple_overflow_open, first_ration
D:3:      cheibrodos_old_hovel, layout_basic, uniq_jessica, uniq_robin,
          uniq_terence
D:4:      layout_basic, serial_shops, nicolae_shop_crystal
D:5:      wander_guarded_unrand_ratskin, layout_loops_cross,
          minmay_misc_feat_encased
D:6:      layout_cave_pools
D:7:      layout_basic, evilmike_ruin_ashenzari, minmay_temple_entry_overgrown,
          uniq_pikel, uniq_joseph
D:8:      minmay_the_grid_square_5x5_3x3
          [minmay_the_grid_square_5x5_three_walls,
          minmay_the_grid_square_5x5_fat_x, minmay_the_grid_square_5x5_shuriken,
          minmay_the_grid_square_5x5_inner_v,
          minmay_the_grid_square_5x5_megaprize_open,
          minmay_the_grid_square_5x5_two_small,
          minmay_the_grid_square_5x5_inverted_slash,
          minmay_the_grid_square_5x5_inner_i,
          minmay_the_grid_square_5x5_bridge], layout_gridville, uniq_erica
D:9:      layout_irregular_city, minitemple
D:10:     kennysheep_spiral_hall, layout_cave_pools, uniq_urug, uniq_nergalle
D:11:     layout_basic, grunt_tengu_nest
Temple:   jpeg_temple_clearing

Skill      XL: |  1  2  3  4  5  6  7  8  9 10 11 |
---------------+----------------------------------+-----
Unarmed Combat | 1 2 3 4 5 6 8 9 10 | 10.6
Fighting       | 2 3 4 5 6 |  6.5
Throwing       | 4 5 6 7 8 9 10 | 10.2
Evocations     | 1 2 3 4 |  4.9
Invocations    | 3 5 7 |  7.2
Dodging        | |  1.5
Stealth        | |  0.3

Action                   |  1- 3 |  4- 6 |  7- 9 | 10-12 || total
-------------------------+-------+-------+-------+-------++-------
Melee: Unarmed           |    45 |    48 |   206 |   310 ||   609
       Punch             |       |     1 |     9 |    13 ||    23
 Fire: Hunting sling     |    53 |   168 |    87 |    15 ||   323
Throw: Stone             |    15 |       |       |     2 ||    17
       Large rock        |     3 |     5 |    25 |    37 ||    70
       Boomerang         |       |       |    10 |    41 ||    51
       Throwing net      |       |       |     2 |       ||     2
       Dart              |       |       |       |     6 ||     6
       Javelin           |       |       |       |     8 ||     8
Invok: Heroism           |       |       |       |     7 ||     7
Evoke: Wand              |       |       |       |     3 ||     3
  Use: Scroll            |       |       |     5 |     5 ||    10
  Eat: Chunk             |    22 |    11 |    42 |    49 ||   124
Armor: Robe              |    15 |    46 |    83 |    66 ||   210
Dodge: Dodged            |    32 |    68 |   110 |   139 ||   349

Table legend:
 A = Non-vault XP
 B = Vault XP
 C = Vault XP percentage of total XP
 D = Non-vault monster count
 E = Vault monster count
 F = Vault count percentage of total count
                 A         B        C        D         E       F
            +---------+---------+-------+---------+---------+-------
      Total |   14560 |    7096 |  32.8 |     238 |      40 |  14.4
            +---------+---------+-------+---------+---------+-------
        D:1 |      35 |       0 |   0.0 |      18 |       0 |   0.0
        D:2 |      37 |       0 |   0.0 |      16 |       0 |   0.0
        D:3 |      94 |     105 |  52.8 |      29 |      11 |  27.5
        D:4 |     592 |       0 |   0.0 |      20 |       0 |   0.0
        D:5 |     205 |       0 |   0.0 |      16 |       0 |   0.0
        D:6 |     639 |       0 |   0.0 |       8 |       0 |   0.0
        D:7 |    1608 |    1140 |  41.5 |      31 |       2 |   6.1
        D:8 |     867 |    3805 |  81.4 |      17 |      21 |  55.3
        D:9 |    1824 |       0 |   0.0 |      21 |       0 |   0.0
       D:10 |    2092 |    2046 |  49.4 |      12 |       6 |  33.3
       D:11 |    6567 |       0 |   0.0 |      50 |       0 |   0.0
            +---------+---------+-------+---------+---------+-------
